 Dungeon Crawl Stone Soup version 0.31-a0-237-g2d982f9f85 (webtiles) character file.

Game seed: 11731162863527729050

111 Ijustatesigmund the Stinger (level 4, -5/28 HPs)
             Began as an Octopode Venom Mage on July 11, 2023.
             Killed from afar by an orc wizard (7 damage)
             ... with a magic dart
             ... on level 3 of the Dungeon.
             The game lasted 00:04:31 (2902 turns).

Ijustatesigmund the Stinger (Octopode Venom Mage)   Turns: 2902, Time: 00:04:32

Health: -5/28      AC:  1    Str:  7    XL:     4   Next: 92%
Magic:  8/8        EV: 13    Int: 19    God:
Gold:   130        SH:  0    Dex: 12    Spells: 2/8 levels left

rFire   . . .        c - +0 spear
rCold   + . .        (no shield)
rNeg    . . .        (helmet restricted)
rPois   .            (no amulet)
rElec   .            i - ring of protection from cold
rCorr   .            (no ring)
SInv    .            (no ring)
Will    .....        (no ring)
Stlth   +++          (no ring)
HPRegen 0.24/turn    (no ring)
MPRegen 0.11/turn    (no ring)
                     (no ring)

%: no passive effects
@: no status effects
A: almost no armour, amphibious, 8 rings, camouflage 1, gelatinous body 1,
(nimble swimmer 1), tentacles
a: no special abilities


You were on level 3 of the Dungeon.
You visited 1 branch of the dungeon, and saw 3 of its levels.

You collected 130 gold pieces.

Inventory:

Hand Weapons
 c - a +0 spear (weapon)
Jewellery
 i - a ring of protection from cold (left tentacle)
Scrolls
 b - 2 scrolls of identify
Potions
 a - 2 potions of magic


   Skills:
 - Level 1.1 Fighting
 - Level 2.0 Dodging
 - Level 2.6 Stealth
 + Level 2.8 Spellcasting
 + Level 1.4 Conjurations
 - Level 1.0 Transmutations
 + Level 1.7 Air Magic
 + Level 4.6 Poison Magic


You had 2 spell levels left.
You knew the following spells:

 Your Spells              Type           Power      Damage    Failure   Level
a - Sting                 Tmut/Pois      52%        1d5       4%          1
b - Poisonous Vapours     Pois/Air       28%        N/A       6%          2
c - Mephitic Cloud        Conj/Pois/Air  12%        N/A       16%         3

Your spell library contained the following spells:

 Spells                   Type           Power      Damage    Failure   Level
 Beastly Appendage        Tmut           12%        N/A       11%         1
 Wereblood                Tmut           6%         N/A       16%         2
 Spider Form              Tmut/Pois      13%        N/A       14%         3
 Olgreb's Toxic Radiance  Pois           20%        N/A       22%         4


Dungeon Overview and Level Annotations

Branches:
Dungeon (3/15)

Altars:

Shops:
D:1 :


Innate Abilities, Weirdness & Mutations

You cannot wear most types of armour.
You are amphibious.
You can wear up to eight rings at the same time.
Your skin changes colour to match your surroundings (Stealth+).
Your rubbery body absorbs attacks. (AC +1, EV +1)
((You are camouflaged when in or above water. (Stealth+)))
You have tentacles for arms and can constrict up to eight enemies at once.


Message History

You hit something. Something hits you. The dart slug launches a dart at you.
The slug dart hits something but does no damage.
You closely miss something. Something hits you but does no damage.
The dart slug launches a dart at you.
The slug dart hits something.
Something hits you but does no damage.
You closely miss something.
You hear some strange, mumbled words.
A puff of flame appears from out of thin air!
The puff of flame hits you but does no damage.
You closely miss something.
You hear some strange, mumbled words.
A magic dart appears from out of thin air!
The magic dart hits you but does no damage.
You miss something. Something hits you but does no damage.
You closely miss something.
You feel less wooden. Something hits you.
You closely miss something. Something hits you.
* * * LOW HITPOINT WARNING * * *
The dart slug launches a dart at you. The slug dart misses you.
You closely miss something.
You hear some strange, mumbled words.
A magic dart appears from out of thin air!
The magic dart hits you.
* * * LOW HITPOINT WARNING * * *
You closely miss something. Your squeeze misses something.
Something hits you but does no damage.
You barely miss something. Something hits you.
* * * LOW HITPOINT WARNING * * *
The dart slug launches a dart at you. The slug dart misses you.
You barely miss something. Something hits you.
* * * LOW HITPOINT WARNING * * *
You closely miss something.
An orc wizard appears from thin air!
Reactivating autopickup.
The orc wizard gestures at you while chanting.
The magic dart hits you!
You die...

..##..# #o # #......
########## #o ..
.....#
#........#####o ...
....# #........†...o.
#..#..o#
##........#####.
#....w.##o######'####
## #....)...# ##...#
#.#.#)######....#
#<...owo@..'....#
#<#.########....# ...
#....# .... #....#
..#.# #....# [ ##
#....# #....# ######


You could see an orc wizard, a dart slug and an orc.

Vanquished Creatures
  Jessica (D:2)
  2 adders (D:2)
  2 worms (D:2)
  2 dart slugs (D:1)
  3 orcs
  4 ball pythons
  6 bats
  7 endoplasms
  4 goblins
  7 hobgoblins
  4 quokkas
  3 frilled lizards
  5 rats
50 creatures vanquished.

Vanquished Creatures (collateral kills)
  A ball python (D:3)
1 creature vanquished.

Grand Total: 51 creatures vanquished

Notes
Turn   | Place    | Note
-------+----------+-------------------------------------------
     0 | D:1      | Ijustatesigmund the Octopode Venom Mage began the quest for
                  | the Orb.
     0 | D:1      | Reached XP level 1. HP: 11/11 MP: 3/3
   138 | D:1      | Reached XP level 2. HP: 18/18 MP: 1/5
   285 | D:1      | Learned a level 2 spell: Poisonous Vapours
   623 | D:1      | Reached skill level 1 in Fighting
   648 | D:1      | Reached skill level 4 in Poison Magic
   801 | D:1      | Reached XP level 3. HP: 23/23 MP: 1/6
   805 | D:1      | Learned a level 3 spell: Mephitic Cloud
  1545 | D:1      | Found Itiu's Book Boutique.
  1724 | D:2      | Reached skill level 1 in Air Magic
  2090 | D:2      | Noticed Jessica
  2099 | D:2      | Killed Jessica
  2100 | D:2      | Reached skill level 1 in Conjurations
  2100 | D:2      | Reached XP level 4. HP: 16/28 MP: 0/8
  2475 | D:2      | Found a faded altar of an unknown god.
  2902 | D:3      | Killed from afar by an orc wizard

Illustrated notes

Levels and vault maps discovered:
D:1:      dpeg_arrival_connections, layout_loops_corners, serial_shops, shop
D:2:      layout_loops_corners, ebering_ecumenical_altar_rust, uniq_jessica
D:3:      layout_basic, portal_sewer_entry_e,
          hangedman_abyss_or_decor_lesser_grid, serial_bayou_pond_a

Skill      XL: |  1  2  3 |
---------------+----------+-----
Fighting       | 1 |  1.1
Poison Magic   | 4 |  4.6
Air Magic      | 1 |  1.7
Conjurations   | 1 |  1.4
Dodging        | |  2.0
Stealth        | |  2.6
Spellcasting   | |  2.8
Transmutations | |  1.0

Action                     |  1- 3 |  4- 6 || total
---------------------------+-------+-------++-------
  Melee: Unarmed           |    11 |       ||    11
         Constrict         |    11 |     6 ||    17
         Tentacles         |     8 |     5 ||    13
         Spear             |    60 |    52 ||   112
   Cast: Sting             |     8 |       ||     8
         Poisonous Vapours |    30 |    11 ||    41
    Use: Potion            |     1 |     1 ||     2
         Scroll            |       |     5 ||     5
   Stab: Sleeping          |     3 |     2 ||     5
 Armour: Skin              |     1 |    18 ||    19
  Dodge: Dodged            |    26 |     8 ||    34

Table legend: (Time is in decaauts)
 A = Elapsed time spent in this place.
 B = Non-inter-level travel time spent in this place.
 C = Inter-level travel time spent in this place.
 D = Time resting spent in this place.
 E = Time spent auto-exploring this place.
 F = Levels seen in this place.
 G = Mean time per level.
                   A        B        C        D        E       F      G
               +--------+--------+--------+--------+--------+-----+--------+
         Total |   2911 |   2839 |     72 |    220 |   2256 |   3 |  970.3 |
       Dungeon |   2911 |   2839 |     72 |    220 |   2256 |   3 |  970.3 |
               +--------+--------+--------+--------+--------+-----+--------+

Top non-repeatable levels by time:
     D:1: 1640 daAuts
     D:2: 1183 daAuts
     D:3: 87 daAuts
